Map: Emerald City CE

Players

Darius

  • Race: Protoss Protoss
  • League: Silver
  • Spawn Location: 11:00

WeAreLegion

  • Race: Terran Terran
  • League: Silver
  • Spawn Location: 11:00

jumpstart - Winner!

  • Race: Zerg Zerg
  • League: Gold
  • Spawn Location: 5:00

CheeseGawd - Winner!

  • Race: Protoss Protoss
  • League: Gold
  • Spawn Location: 5:00

VOD

Have the link to the VOD?

Description

Time

  • Played on: Dec. 5, 2024, 9:41 p.m.
  • Length: 14:35
Show
View Real Time Build Order
Export as new Build Order

Darius Protoss 

Build Orders:  

Get SALT Encoding   

  12  0:01  Probe  
  13  0:13  Probe  
  14  0:25  Probe  
  14  0:26  Pylon  
  15  0:44  Probe  
  15  0:45  Gateway  
  16  0:52  Probe  
  17  1:00  Probe  
  17  1:08  Probe  
  18  1:16  Probe  
  20  1:32  Pylon  
  20  1:40  Cybernetics Core  
  20  1:47  Assimilator  
  20  1:59  Assimilator  
  20  2:04  Gateway  
  20  2:05  Gateway  
  20  2:24  Adept  
  22  2:52  Nexus  
  22  2:54  Adept x2  
  26  3:30  Pylon  
  26  3:35  Pylon  
  26  3:43  Pylon  
  26  3:47  Pylon  
  26  3:48  Adept x2, Probe  
  31  4:00  Probe  
  32  4:12  Probe  
  32  4:14  Probe  
  34  4:24  Probe  
  34  4:27  Adept x2, Probe  
  40  4:36  Assimilator  
  40  4:39  Probe  
  40  4:41  Assimilator  
  41  4:51  Probe  
  42  4:54  Probe  
  43  5:01  Adept x2  
  47  5:38  Stalker x2  
  51  5:45  Stargate  
  51  5:48  Stargate  
  51  6:00  Nexus  
  37  6:19  Stalker x2  
  39  6:28  Oracle x2, Probe  
  40  6:34  Pylon  
  44  6:40  Probe  
  26  7:22  Probe  
  26  7:25  Zealot  
  26  7:26  Zealot  
  30  7:33  Nexus  
  30  7:35  Probe  
  31  7:47  Probe  
  32  7:59  Probe  
  33  8:10  Cybernetics Core  
  33  8:11  Probe  
  34  8:23  Probe  
  34  8:34  Assimilator  
  34  8:35  Probe  
  35  8:45  Probe  
  35  8:46  Zealot x2  
  35  8:47  Void Ray, Probe  
  45  8:53  Probe  
  45  8:55  Assimilator  
  45  8:59  Probe  
  45  9:02  Probe  
  48  9:11  Probe  
  48  9:14  Probe  
  50  9:17  Zealot  
  50  9:18  Zealot  
  50  9:23  Probe  
  55  9:26  Probe  
  56  9:35  Probe  
  56  9:38  Probe  
  56  9:43  Probe  
  58  9:47  Probe  
  60  9:53  Probe  
  60  9:55  Probe  
  61  10:05  Probe  
  55  10:17  Probe  
  43  10:31  Warp Gate  
  39  10:39  Gateway  
  39  10:41  Gateway  
  31  10:42  Gateway  
  31  10:45  Probe  
  26  10:57  Nexus  
  26  10:58  Pylon  
  26  11:13  Forge  
  26  11:18  Pylon  
  26  11:21  Pylon  
  25  11:34  Probe  
  25  11:42  Probe  
  26  11:47  Photon Cannon  
  26  11:51  Probe  
  26  11:52  Photon Cannon  
  27  11:55  Photon Cannon  
  27  11:58  Photon Cannon  
  27  12:00  Photon Cannon  
  27  12:05  Photon Cannon  
  27  12:11  Photon Cannon  
  27  12:20  Sentry  
  27  12:21  Sentry  
  31  12:23  Probe  
  32  12:31  Probe  
  31  12:41  Probe  
  29  12:51  Pylon  
  29  12:56  Pylon  
  29  13:03  Pylon  
  29  13:05  Probe  
  30  13:13  Probe  
  30  13:17  Pylon  
  30  13:19  Assimilator  
  31  13:21  Probe  
  31  13:25  Assimilator  
  31  13:26  Stalker x2  
  36  13:27  Stalker  
  36  13:33  Probe  
  39  13:35  Probe  
  40  13:43  Probe  
  42  13:55  Robotics Facility  
  42  14:03  Stalker  
  42  14:04  Stalker x2  
Show
View Real Time Build Order
Export as new Build Order

WeAreLegion Terran 

Build Orders:  

Get SALT Encoding   

  12  0:00  SCV  
  13  0:12  SCV  
  14  0:19  Supply Depot  
  14  0:25  SCV  
  15  0:40  SCV  
  16  0:52  SCV  
  17  1:04  SCV  
  18  1:17  SCV  
  19  1:42  Barracks  
  19  1:44  SCV  
  20  1:56  SCV  
  21  2:08  SCV  
  22  2:21  SCV, Refinery  
  22  2:33  SCV  
  21  2:47  Marine  
  21  2:51  Barracks  
  22  2:56  Barracks  
  22  2:59  Bunker  
  22  3:00  SCV  
  23  3:50  Orbital Command  
  23  4:07  Refinery  
  23  4:17  Orbital Command  
  20  4:38  Supply Depot  
  20  5:00  Marine x2  
  20  5:04  SCV  
  23  5:07  Bunker  
  23  5:32  Refinery  
  23  5:34  SCV  
  23  5:35  Marine  
  17  5:53  Marine  
  17  5:54  Factory  
  18  6:36  Orbital Command  
  18  6:41  Factory Tech Lab  
  18  7:01  Supply Depot  
  18  7:09  Refinery  
  18  7:23  Marine x2  
  18  7:26  Supply Depot  
  20  7:36  SCV  
  21  7:41  Marine  
  22  7:49  SCV  
  23  8:02  Marine  
  23  8:04  Marine  
  25  8:06  Siege Tank  
  25  8:08  Marine  
  29  8:14  SCV  
  30  8:22  Marine  
  30  8:26  SCV  
  20  8:40  Marine  
  13  8:58  Marine  
Show
View Real Time Build Order
Export as new Build Order

jumpstart Zerg - Winner!

Build Orders: Pool First 

Get SALT Encoding   

  12  0:08  Overlord  
  12  0:13  Drone  
  13  0:32  Spawning Pool  
  13  0:34  Drone  
  13  0:45  Overlord  
  13  1:17  Hatchery  
  12  1:20  Zergling x2  
  12  1:21  Zergling x4  
  15  1:36  Queen  
  17  1:44  Drone  
  17  1:45  Drone  
  19  1:56  Drone  
  20  2:07  Drone  
  21  2:12  Extractor  
  20  2:20  Drone  
  21  2:30  Drone x2  
  23  2:49  Drone  
  23  2:50  Drone x5  
  26  3:20  Drone x4  
  26  3:21  Drone  
  31  3:28  Lair, Extractor  
  30  3:38  Queen  
  32  3:46  Extractor x2  
  32  3:47  Drone x5  
  35  3:55  Spore Crawler  
  34  3:58  Zergling x2  
  34  3:59  Zergling x2  
  36  4:10  Overlord x3  
  36  4:11  Overlord  
  36  4:32  Spire  
  36  4:37  Spore Crawler  
  34  4:43  Drone x3  
  34  4:44  Drone x5  
  42  4:51  Metabolic Boost  
  42  4:59  Queen  
  44  5:02  Drone  
  45  5:11  Drone x3  
  48  5:20  Zergling x8  
  45  5:43  Zergling x8  
  45  5:44  Zergling x4  
  38  6:35  Spine Crawler  
  38  6:36  Spine Crawler  
  38  6:37  Drone x9  
  45  6:43  Zerg Flyer Weapons Level 1  
  35  7:09  Mutalisk x3  
  35  7:10  Mutalisk x2  
  35  7:12  Mutalisk  
  47  7:15  Mutalisk x2  
  47  7:16  Mutalisk  
  47  7:22  Mutalisk x2  
  57  7:33  Spine Crawler, Drone x3  
  57  7:35  Spine Crawler  
  58  7:43  Drone x2  
  60  7:46  Drone  
  60  7:48  Drone x2  
  60  7:49  Drone  
  64  8:06  Spore Crawler  
  63  8:12  Spore Crawler  
  63  8:15  Drone x6  
  68  8:57  Overlord x4  
  68  9:15  Drone x4  
  68  9:16  Drone x6  
  68  9:17  Drone  
  79  9:31  Zergling x2  
  79  9:32  Zergling x4  
  82  9:45  Drone, Zergling x2  
  83  9:46  Zergling x6  
  87  10:00  Drone  
  87  10:01  Drone  
  89  10:09  Hatchery  
  84  10:26  Zergling x2  
  84  10:27  Zergling x12  
  85  10:53  Zergling x8  
  89  11:10  Zergling x8  
  93  11:22  Evolution Chamber x2  
  93  11:23  Drone x3  
  93  11:25  Hatchery  
  93  11:28  Evolution Chamber  
  93  11:29  Drone x3  
  93  11:32  Drone x5  
  100  11:53  Hydralisk Den  
  99  11:55  Drone  
  99  11:56  Drone x5  
  105  12:03  Extractor  
  105  12:05  Extractor  
  103  12:12  Drone x3  
  106  12:23  Overlord x7  
  98  12:52  Zergling x6  
  98  12:53  Zergling x20  
  101  13:03  Hydralisk  
  101  13:04  Hydralisk x5  
  101  13:05  Spore Crawler  
  112  13:08  Spore Crawler  
  111  13:14  Infestation Pit  
  110  13:29  Queen  
  110  13:32  Queen  
  114  13:50  Hydralisk x7  
  114  13:51  Hydralisk x9  
  114  13:53  Hatchery, Hydralisk x3  
  151  14:21  Spore Crawler  
  150  14:26  Spore Crawler  
Show
View Real Time Build Order
Export as new Build Order

CheeseGawd Protoss - Winner!

Build Orders:  

Get SALT Encoding   

  1  0:00  Probe  
  13  0:07  Probe  
  14  0:18  Pylon  
  14  0:44  Probe  
  14  0:45  Forge  
  15  0:55  Assimilator  
  15  0:56  Probe  
  16  1:01  Assimilator  
  15  1:08  Probe  
  16  1:18  Pylon  
  16  1:20  Probe  
  17  1:26  Assimilator  
  17  1:29  Assimilator  
  17  1:34  Probe  
  18  1:45  Gateway  
  18  1:58  Photon Cannon  
  18  1:59  Pylon  
  18  2:13  Probe  
  19  2:17  Assimilator  
  19  2:18  Assimilator  
  18  2:56  Nexus  
  18  2:58  Pylon  
  18  3:10  Photon Cannon  
  18  3:15  Pylon  
  18  3:17  Gateway  
  18  3:27  Photon Cannon  
  18  3:47  Pylon  
  18  3:54  Cybernetics Core  
  18  3:58  Photon Cannon  
  18  4:08  Cybernetics Core  
  18  4:10  Photon Cannon  
  18  4:22  Photon Cannon  
  18  4:43  Probe  
  18  4:45  Warp Gate  
  19  4:55  Probe  
  20  5:03  Pylon  
  20  5:07  Probe  
  20  5:08  Photon Cannon  
  20  5:11  Photon Cannon  
  21  5:15  Stalker  
  21  5:19  Probe  
  24  5:31  Probe  
  23  6:00  Assimilator  
  22  6:04  Assimilator  
  22  6:24  Probe  
  22  6:29  Photon Cannon  
  22  6:32  Probe  
  23  6:36  Stalker  
  26  6:40  Probe  
  27  6:48  Probe  
  28  6:55  Probe  
  28  6:58  Probe  
  30  7:03  Stalker  
  32  7:12  Probe  
  33  7:21  Pylon  
  33  7:23  Probe  
  33  7:24  Probe  
  35  7:31  Probe  
  35  7:32  Zealot  
  35  7:36  Probe  
  39  7:44  Probe  
  39  7:48  Probe  
  38  7:59  Pylon  
  38  8:02  Stalker  
  38  8:24  Stalker  
  40  8:28  Probe  
  39  8:34  Probe  
  39  8:36  Probe  
  39  8:38  Stalker  
  43  8:46  Probe  
  44  8:52  Pylon  
  42  9:07  Protoss Ground Weapons Level 1  
  38  9:15  Stalker  
  40  9:19  Probe  
  41  9:31  Probe  
  41  9:32  Photon Cannon  
  42  9:43  Probe  
  42  9:44  Photon Cannon  
  43  9:53  Stalker, Nexus  
  43  9:56  Probe  
  42  10:08  Probe  
  42  10:10  Stargate  
  42  10:11  Stargate  
  42  10:13  Stargate  
  43  10:15  Stargate  
  43  10:16  Probe  
  44  10:23  Pylon  
  44  10:24  Probe  
  44  10:34  Probe  
  44  10:35  Photon Cannon  
  45  10:45  Zealot  
  45  10:46  Probe  
  44  10:58  Probe  
  44  11:02  Probe  
  57  11:05  Void Ray x3  
  57  11:10  Protoss Air Weapons Level 1, Probe x2  
  59  11:14  Stalker  
  62  11:19  Photon Cannon  
  62  11:20  Probe  
  63  11:32  Probe  
  62  11:48  Pylon  
  62  11:49  Photon Cannon  
  66  11:58  Fleet Beacon  
  66  11:59  Protoss Ground Armor Level 1  
  66  12:00  Void Ray  
  66  12:01  Stalker  
  72  12:18  Void Ray  
  72  12:26  Pylon  
  72  12:37  Probe  
  73  12:45  Probe  
  73  12:46  Void Ray x2, Pylon  
  73  12:49  Pylon  
  73  12:50  Void Ray  
  86  12:54  Probe  
  86  12:57  Pylon  
  87  13:05  Probe  
  87  13:10  Photon Cannon  
  88  13:13  Photon Cannon  
  88  13:14  Probe  
  88  13:16  Photon Cannon  
  89  13:20  Photon Cannon  
  89  13:22  Probe  
  89  13:26  Photon Cannon  
  90  13:29  Photon Cannon  
  90  13:31  Probe  
Tags
 
Add a new tag
Caveats
  • Supply blocks, unpowered buildings, or Contaminate may cause inaccurate times.
  • Supply counts are checked every 10 seconds.